 Dungeon Crawl Stone Soup version 0.28.0-43-g3370ac3207 (webtiles) character file.

Game seed: 5848405150482181468

781 croobank the Sneak (level 7, -9/41 HPs)
             Began as an Octopode Fire Elementalist on Mar 28, 2022.
             Mangled by an orc warrior
             ... wielding a +2 mace of protection
              (19 damage)
             ... on level 6 of the Dungeon.
             The game lasted 00:13:45 (7558 turns).

croobank the Sneak (Octopode Fire Elementalist)     Turns: 7558, Time: 00:13:45

Health: -9/41      AC:  1    Str:  7    XL:     7   Next: 85%
Magic:  2/12       EV: 14    Int: 19    God:
Gold:   212        SH:  0    Dex: 13    Spells: 6/13 levels left

rFire   . . .      SeeInvis .   p - +3 hand axe (vorpal)
rCold   . . .      Faith    .   (no shield)
rNeg    . . .      Spirit   .   (helmet restricted)
rPois   .          Reflect  .   (no amulet)
rElec   .          Harm     .   (no ring)
rCorr   .          Rampage  .   (no ring)
Will    .....                   (no ring)
Stlth   ++++......              (no ring)
HPRegen 0.13/turn               (no ring)
MPRegen 0.13/turn               (no ring)
                                (no ring)
                                (no ring)

@: no status effects
A: almost no armour, amphibious, 8 rings, camouflage 1, gelatinous body 1,
(nimble swimmer 1), tentacles
a: no special abilities


You were on level 6 of the Dungeon.
You visited 1 branch of the dungeon, and saw 6 of its levels.
You also visited: Sewer.

You collected 212 gold pieces.

Inventory:

Hand Weapons
 a - a +2 short sword of speed
 o - a +0 falchion
 p - a +3 vorpal hand axe (weapon)
Missiles
 c - 23 sling bullets
 f - 32 bolts
 j - 90 stones
 k - 5 curare-tipped darts
 n - a throwing net
 x - 19 poisoned darts
 A - 4 javelins
Magical Staves
 e - a staff of air
Scrolls
 b - a scroll of amnesia
 d - 3 scrolls of fog
 h - 2 scrolls of immolation
 i - a scroll of fear
 m - a scroll of brand weapon
 u - 2 scrolls of blinking
Potions
 g - 2 potions of lignification {unknown}
 l - 3 potions of resistance
 q - a potion of attraction {unknown}
 r - a potion of cancellation {unknown}
 t - a potion of ambrosia {unknown}
 v - a potion of flight {unknown}
 z - 2 potions of curing {unknown}


   Skills:
 + Level 0.3 Fighting
 + Level 0.3 Axes
 + Level 4.2 Dodging
 + Level 6.0 Stealth
 + Level 3.9 Spellcasting
 + Level 3.6 Conjurations
 + Level 4.7 Fire Magic


You had 6 spell levels left.
You knew the following spells:

 Your Spells              Type           Power      Damage    Failure   Level
a - Foxfire               Conj/Fire      76%        2x1d7     2%          1
b - Scorch                Fire           42%        2d7       3%          2
c - Flame Wave            Conj/Fire      19%        2d6       24%         4

Your spell library contained the following spells:

 Spells                   Type           Power      Damage    Failure   Level
 Conjure Flame            Conj/Fire      19%        6-21      8%          3
 Inner Flame              Hex/Fire       12%        N/A       16%         3
 Dispersal                Tloc           1%         N/A       100%        6
 Disjunction              Tloc           1%         N/A       100%        8


Dungeon Overview and Level Annotations

Branches:
Dungeon (6/15)              Sewer (visited)
 Temple: D:4-7

Altars:
Xom
The Shining One


Innate Abilities, Weirdness & Mutations

You cannot wear most types of armour.
You are amphibious.
You can wear up to eight rings at the same time.
Your skin changes colour to match your surroundings (Stealth+).
Your rubbery body absorbs attacks. (AC +1, EV +1)
((You are camouflaged when in or above water. (Stealth+)))
You have tentacles for arms and can constrict up to eight enemies at once.


Message History

Confirm with . or Enter, or press ? or * to list all spells.
Flames lash the iguana.
The iguana is severely wounded.
The iguana's fire resistance burns away.
Casting: Scorch (safe; 3% risk of failure)
Confirm with . or Enter, or press ? or * to list all spells.
Flames lash the iguana.
The iguana is burned terribly!
You kill the iguana!
Your Stealth skill increases to level 6!
Casting: Scorch (safe; 3% risk of failure)
Confirm with . or Enter, or press ? or * to list all spells.
You don't have enough magic to cast this spell.
You see here a +0 spear.
A hound comes into view.
Casting: Scorch (safe; 3% risk of failure)
Confirm with . or Enter, or press ? or * to list all spells.
Flames lash the orc warrior.
The orc warrior is lightly wounded.
The orc warrior's fire resistance burns away.
You hit the orc warrior. You grab the orc warrior.
The orc warrior is lightly wounded.
You constrict the orc warrior, but do no damage.
The orc warrior hits you with a +2 mace of protection!
You hit the orc warrior but do no damage.
You squeeze the orc warrior, but do no damage.
The orc warrior is lightly wounded.
You constrict the orc warrior.
The orc warrior is no longer more vulnerable to fire.
The orc warrior barely misses you.
You hit the orc warrior but do no damage.
You squeeze the orc warrior, but do no damage.
The orc warrior is moderately wounded.
You constrict the orc warrior.
The orc warrior hits you with a +2 mace of protection! x2
* * * LOW HITPOINT WARNING * * *
You hit the orc warrior.
The orc warrior is heavily wounded.
You constrict the orc warrior, but do no damage.
The orc warrior hits you with a +2 mace of protection!!
You die...

.......# ########
# # #
#############
##....g.)...#
...########.######
..## #.....hgo@#
.## #.##.####.# ##
# #.# #.# # #.#
#.# # #h. #.# #
##. #.# . . #.# .$
#.#


.lg You could see an orc warrior, a hound and a gnoll.

Vanquished Creatures
  A black bear (D:5)
  An ogre (D:5)
  2 kobold brigands (Sewer)
  A centaur zombie (D:5)
  An orc priest (D:4)
  A hound (D:2)
  3 iguanas
  An orc wizard (D:3)
  2 gnolls (D:6)
  9 adders
  A river rat (Sewer)
  A white imp (D:4)
  An ufetubus (D:5)
  An adder skeleton (D:4)
  5 worms
  3 dart slugs
  8 orcs
  13 ball pythons
  6 bats
  10 endoplasms
  8 giant cockroaches
  8 goblins
  4 hobgoblins
  4 jackals (D:1)
  13 kobolds
  9 quokkas
  3 frilled lizards
  6 rats
126 creatures vanquished.

Vanquished Creatures (collateral kills)
  A dart slug (D:4)
  4 foxfires (D:2)
5 creatures vanquished.

Vanquished Creatures (others)
  183 foxfires
  25 plants (D:2)
208 creatures vanquished.

Grand Total: 339 creatures vanquished

Notes
Turn   | Place    | Note
-------+----------+-------------------------------------------
     0 | D:1      | croobank the Octopode Fire Elementalist began the quest for
                  | the Orb.
     0 | D:1      | Reached XP level 1. HP: 11/11 MP: 3/3
   279 | D:1      | Reached skill level 3 in Stealth
   279 | D:1      | Reached XP level 2. HP: 12/17 MP: 0/5
   750 | D:1      | Reached XP level 3. HP: 21/21 MP: 4/6
   753 | D:1      | Learned a level 2 spell: Scorch
  1368 | D:1      | Found a glowing golden altar of the Shining One.
  2075 | D:2      | Reached XP level 4. HP: 21/27 MP: 0/7
  2080 | D:2      | Learned a level 4 spell: Flame Wave
  2812 | D:2      | Found a faded altar of an unknown god.
  2817 | D:2      | Reached skill level 4 in Stealth
  2817 | D:2      | Reached XP level 5. HP: 31/31 MP: 4/9
  3878 | D:3      | You fall into a shaft and drop 2 floors!
  3878 | D:5      | Entered Level 5 of the Dungeon
  4026 | D:4      | Found a glowing golden altar of the Shining One.
  4087 | D:4      | Found a glowing drain.
  4124 | Sewer    | Entered a sewer
  4210 | Sewer    | Noticed a kobold brigand
  4214 | Sewer    | Killed a kobold brigand
  4215 | Sewer    | Reached XP level 6. HP: 36/36 MP: 1/10
  5377 | D:4      | Found a shimmering altar of Xom.
  5399 | D:4      | Reached skill level 5 in Stealth
  5946 | D:3      | Reached XP level 7. HP: 41/41 MP: 8/12
  7538 | D:6      | Reached skill level 6 in Stealth
  7558 | D:6      | Mangled by an orc warrior

Illustrated notes

Levels and vault maps discovered:
D:1:      minmay_arrival_solitary_statue, layout_basic, st_stairs_8,
          kennysheep_flooded_box, minivault_24
D:2:      wad_woods_pond, layout_basic, basic_ecumenical_altar, st_stairs_2,
          serial_park_tiny_1, grunt_ministairs_11, chequers_serial_rivers_marsh,
          palyth_stone_intersect
D:3:      layout_basic
D:4:      layout_rooms, mainiacjoe_overflow_paths, overflow_temple_1_default,
          serial_curves, eino_curves_04, eino_curves_04, portal_sewer_entry_f
D:5:      layout_rooms
D:6:      layout_loops_corners, minmay_temple_entry_drinking_statues,
          gammafunk_ghost_arena, minmay_microvault, uniq_duvessa

Skill      XL: |  1  2  3  4  5  6  7 |
---------------+----------------------+-----
Stealth        | 3 4 5 6 |  6.0
Conjurations   | 2 3 |  3.6
Dodging        | 3 4 |  4.2
Spellcasting   | 3 |  3.9
Fire Magic     | 4 |  4.7
Fighting       | |  0.3
Axes           | |  0.3

Action                   |  1- 3 |  4- 6 |  7- 9 || total
-------------------------+-------+-------+-------++-------
Melee: Unarmed           |    10 |       |       ||    10
       Tentacles         |     9 |     3 |     2 ||    14
       Constrict         |     7 |     1 |     2 ||    10
       Short sword       |    12 |    14 |     8 ||    34
       Hand axe          |       |       |    10 ||    10
 Cast: Foxfire           |    45 |    55 |    17 ||   117
       Scorch            |     8 |    57 |    16 ||    81
  Use: Scroll            |       |     5 |    10 ||    15
       Potion            |       |     1 |       ||     1
 Stab: Sleeping          |     1 |       |       ||     1
Armor: Skin              |     2 |     1 |       ||     3
Dodge: Dodged            |    17 |    23 |    16 ||    56
